[Event "45th FIDE Olympiad 2024"]
[Site "Budapest"]
[Date "2024.09.12"]
[Round "2.168"]
[White "Starostits, Ilmars"]
[Black "Kabilov, Amin"]
[Result "1/2-1/2"]
[ECO "D00"]
[WhiteElo "2344"]
[BlackElo "2212"]
[Annotator "RC"]
[PlyCount "100"]
[EventDate "2024.09.05"]
[EventType "team-tourn"]
[EventCountry "HUN"]
[SourceTitle "playchess.com"]
[Source "ChessBase"]
[SourceQuality "1"]
[WhiteTeam "Latvia"]
[BlackTeam "Tajikistan"]
[WhiteTeamCountry "LAT"]
[BlackTeamCountry "TJK"]
[TimeControl "40/5400+30:1800+30"]

1. d4 Nf6 2. Nf3 g6 3. Nc3 d5 4. Bf4 Bg7 5. e3 O-O 6. Be2 c5 7. O-O cxd4 8. exd4 Nc6 9. Ne5 Nd7 10. Nf3 Nf6 11. Re1 Ne4 12. Bb5 Nxc3 13. bxc3 Bd7 14. Rb1 Rc8 15. Qd2 Na5 16. Bd3 b6 17. Ba6 Rc6 18. Ne5 Re6 19. h4 Bc8 20. Bd3 Nc6 21. Nf3 Rxe1+ 22. Rxe1 Re8 23. h5 Bg4 24. hxg6 hxg6 25. Bb5 Qc8 26. Ne5 Nxe5 27. Bxe5 Bd7 28. Bd3 Bf5 29. Bb5 Bd7 30. Bf1 Qc6 31. Bd3 Bxe5 32. Rxe5 Kg7 33. Qe3 Qd6 34. Qg5 Bc6 35. Re3 Qf6 36. Qg3 Rc8 37. Ba6 Rd8 38. Qc7 Rd7 39. Qc8 Qd6 40. Bd3 Bb7 41. Qe8 Bc6 42. Qc8 Bb7 43. Qe8 Rc7 44. Rf3 e6 45. Qa4 Bc6 46. Qb3 e5 47. dxe5 Qxe5 48. Re3 Qg5 49. Qb4 Rc8 50. Qd4+ Qf6 1/2-1/2

[Event "45th FIDE Olympiad 2024"]
[Site "Budapest"]
[Date "2024.09.12"]
[Round "2.169"]
[White "Gazik, Viktor"]
[Black "Susilodinata, Andrean"]
[Result "1-0"]
[ECO "B10"]
[WhiteElo "2561"]
[BlackElo "2393"]
[Annotator "RC"]
[PlyCount "81"]
[EventDate "2024.09.05"]
[EventType "team-tourn"]
[EventCountry "HUN"]
[SourceTitle "playchess.com"]
[Source "ChessBase"]
[SourceQuality "1"]
[WhiteTeam "Slovakia"]
[BlackTeam "Indonesia"]
[WhiteTeamCountry "SVK"]
[BlackTeamCountry "INA"]
[TimeControl "40/5400+30:1800+30"]

1. e4 c6 2. Nf3 d5 3. e5 Bf5 4. Nh4 Bd7 5. Nf3 c5 6. c4 d4 7. g3 Nc6 8. Bg2 Bg4 9. Qe2 d3 10. Qe3 g6 11. Na3 Rc8 12. Ng5 Bh6 13. f3 Bxg5 14. Qxg5 Be6 15. b3 Qd4 16. Rb1 Qxe5+ 17. Qxe5 Nxe5 18. Bb2 f6 19. Kf2 Nc6 20. Rhe1 Bf5 21. Nb5 Rd8 22. f4 Kf7 23. Ba3 a6 24. Nc3 Nb4 25. Bxb7 Rb8 26. Bf3 Nc2 27. Bxc5 Nxe1 28. Rxe1 h5 29. b4 e6 30. b5 Rc8 31. Bd6 Ne7 32. bxa6 Nc6 33. Rb1 Rhd8 34. c5 e5 35. Bd5+ Ke8 36. fxe5 fxe5 37. Rb7 Rd7 38. Ne4 Kd8 39. Nf6 Ne7 40. Rxd7+ Bxd7 41. Bxe7+ 1-0

[Event "45th FIDE Olympiad 2024"]
[Site "Budapest"]
[Date "2024.09.12"]
[Round "2.170"]
[White "Cahaya, Satria Duta"]
[Black "Sahidi, Samir"]
[Result "1-0"]
[ECO "C54"]
[WhiteElo "2219"]
[BlackElo "2474"]
[Annotator "TA"]
[PlyCount "125"]
[EventDate "2024.09.05"]
[EventType "team-tourn"]
[EventCountry "HUN"]
[SourceTitle "playchess.com"]
[Source "ChessBase"]
[SourceQuality "1"]
[WhiteTeam "Indonesia"]
[BlackTeam "Slovakia"]
[WhiteTeamCountry "INA"]
[BlackTeamCountry "SVK"]
[TimeControl "40/5400+30:1800+30"]

1. e4 e5 2. Nf3 Nc6 3. Bc4 Nf6 4. d3 Bc5 5. O-O d6 6. c3 a6 7. Bb3 Ba7 8. Re1 h6 9. Nbd2 O-O 10. h3 Be6 11. Bc2 Re8 12. Nf1 {C54: Giuoco Piano: 4 c3 Nf6, main lines with 5 d4 and 5 d3.} d5 13. exd5 $1 {The main line 13.exd5 scores better than 13.Qe2.} Bxd5 14. Ng3 Qd7 15. Nh4 Rad8 16. Nhf5 Kh8 17. Qd2 Ng8 18. Qe2 Re6 $146 ({Predecessor:} 18... Nce7 19. Nxg7 Kxg7 20. Qxe5+ Kh7 21. d4+ Ng6 22. h4 Rxe5 23. Rxe5 Kh8 24. Re2 Nxh4 {0-1 Leiva,G (2389)-Dounis,A (2250) Titled Tuesday intern op 27th Sep Late blitz 2022 (6)}) 19. Be3 (19. Bd2 $11) 19... Bxe3 (19... Nd4 $1 $15 20. Bxd4 (20. cxd4 exd4 21. a3 dxe3 $17) 20... exd4) 20. fxe3 $14 (20. Nxe3 Nd4 21. Qd2 (21. cxd4 exd4 22. Ngf5 dxe3 $11) 21... Nxc2 22. Qxc2 c5 $15) 20... Nce7 21. e4 Bc6 (21... Nxf5 $14 22. Nxf5 Bc6) 22. Qe3 ({Better is} 22. d4 $16 {Black must now prevent d5.} Nxf5 23. exf5) 22... Nxf5 $11 23. Nxf5 Ne7 $1 24. Ng3 Ba4 25. Bxa4 Qxa4 26. Red1 Red6 27. Rd2 b6 28. Qf3 f6 29. Nh5 Qe8 30. Rad1 c5 31. Kh2 Qf7 32. a3 a5 33. g4 (33. Ng3 $11 {keeps the balance.}) 33... Ng6 34. Ng3 Nf4 (34... Qb3 $15 35. Nf5 R6d7) 35. Nf5 $11 R6d7 36. d4 cxd4 37. cxd4 g6 38. Ng3 (38. Nxh6 $2 Qh7 39. g5 fxg5 $19) 38... Rc7 (38... Rxd4 $2 39. Rxd4 exd4 40. Qxf4 $18) 39. Qe3 Rb8 40. Ne2 g5 41. dxe5 fxe5 42. Ng3 a4 43. Rd6 Qb3 (43... Rc2+ $11 44. Kh1 Qa2) 44. Rxh6+ (44. Qxb3 $1 $16 {White threatens Rd8+ and mate.} axb3 45. Rxh6+ Rh7 46. Rxh7+ Kxh7 47. Rd7+ Kg6 48. Nf5) 44... Kg8 (44... Rh7 $1 $14 45. Rxh7+ Kxh7 46. Qxb3 axb3) 45. Qxb3+ $16 axb3 46. Nf5 $1 Rh7 $2 (46... Rc2+ $16 47. Kg3 Rxb2) 47. Rxh7 $18 Kxh7 48. Rd7+ $1 Kh8 {[#]} 49. Nd6 (49. Rd6 $1 $18 {is the precise move to win.}) 49... Kg8 $16 50. Kg3 b5 $2 (50... Nd3 $1 $14 51. Nc4 b5 52. Rxd3 bxc4) 51. Nf5 Kh8 (51... b4 $16 {was called for.} 52. axb4 Rxb4) 52. Ne7 Rf8 53. Nd5 Nd3 $2 {[%mdl 8192] [#]} (53... Ne6 $16 54. Ne7 Nf4) 54. Nf6 $1 $18 ({Less strong is} 54. Ne7 Nf4 $16) 54... Rxf6 55. Rxd3 Rf4 56. Rxb3 Rxe4 57. Rxb5 Re3+ 58. Kg2 Kg7 59. a4 Kf7 60. a5 Re1 61. Kf2 Rb1 62. b4 Ke6 63. a6 1-0

[Event "45th FIDE Olympiad 2024"]
[Site "Budapest"]
[Date "2024.09.12"]
[Round "2.171"]
[White "Druska, Juraj"]
[Black "Ulhaq, Zacky Dhia"]
[Result "1-0"]
[ECO "C84"]
[WhiteElo "2441"]
[BlackElo "2203"]
[Annotator "TA"]
[PlyCount "71"]
[EventDate "2024.09.05"]
[EventType "team-tourn"]
[EventCountry "HUN"]
[SourceTitle "playchess.com"]
[Source "ChessBase"]
[SourceQuality "1"]
[WhiteTeam "Slovakia"]
[BlackTeam "Indonesia"]
[WhiteTeamCountry "SVK"]
[BlackTeamCountry "INA"]
[TimeControl "40/5400+30:1800+30"]

1. e4 e5 2. Nf3 Nc6 3. Bb5 a6 4. Ba4 Nf6 5. O-O Be7 6. d3 b5 7. Bb3 d6 8. Bd2 O-O 9. h3 h6 10. Re1 {The position is equal.} Bd7 11. a3 Qc8 12. Nc3 Na5 13. Ba2 c5 14. b4 Nb7 15. Nd5 Nxd5 16. Bxd5 Bc6 17. Bb3 Kh8 18. g4 ({White should play} 18. a4 $14) 18... a5 19. c3 a4 20. Ba2 f5 {White stays focused until the end.} 21. gxf5 {White is more active.} Rxf5 (21... Bf6 $16) 22. exf5 $18 Qxf5 23. Nh2 {Threatens to win with Qg4.} Rf8 {[#]} 24. f3 c4 {[#]} (24... Qxh3 25. Rf1) 25. Re4 $1 cxd3 (25... Bxe4 26. fxe4) 26. Qf1 Bg5 $2 {[#]} (26... Bxe4 {was necessary.} 27. fxe4 Qxe4) 27. Qg2 $1 Bxd2 28. Qxd2 Bxe4 29. fxe4 Qxe4 30. Rf1 Rf4 (30... Rc8 {is a better defense.} 31. Re1 Qg6+ 32. Kh1 Nd8) 31. Rxf4 {White is clearly winning.} exf4 32. Bb1 Qg6+ 33. Kf1 f3 (33... Qe4 $142 34. Kg1 (34. Qxd3 Qh1+ 35. Ke2 Qxh2+ 36. Kf1 Qh1+ 37. Kf2 Qh2+ 38. Kf1 Qh1+ 39. Kf2 Qh2+ 40. Kf1 $11) 34... Qg6+ 35. Ng4 d5 36. Qxd3 (36. Bxd3 Qg5 $18) 36... Qxd3 37. Bxd3 Nd6) 34. Nxf3 Qf5 35. Qxd3 Qxh3+ 36. Kf2 {Weighted Error Value: White=0.36/Black=0.60.  Mistake:       	White=2     	Black=5      Inaccurate:     	---       	Black=2      OK:         	White=10    	Black=6} 1-0

[Event "45th FIDE Olympiad 2024"]
[Site "Budapest"]
[Date "2024.09.12"]
[Round "2.172"]
[White "Mariano, Fabian Glen"]
[Black "Kostolansky, Sebastian Lukas"]
[Result "0-1"]
[ECO "B48"]
[WhiteElo "2121"]
[BlackElo "2405"]
[Annotator "RC"]
[PlyCount "48"]
[EventDate "2024.09.05"]
[EventType "team-tourn"]
[EventCountry "HUN"]
[SourceTitle "playchess.com"]
[Source "ChessBase"]
[SourceQuality "1"]
[WhiteTeam "Indonesia"]
[BlackTeam "Slovakia"]
[WhiteTeamCountry "INA"]
[BlackTeamCountry "SVK"]
[TimeControl "40/5400+30:1800+30"]

1. e4 c5 2. Nf3 e6 3. d4 cxd4 4. Nxd4 Nc6 5. Nc3 Qc7 6. Be3 a6 7. Qf3 Bd6 8. O-O-O Be5 9. g3 Nge7 10. Qe2 b5 11. Nxc6 Qxc6 12. Bd4 Bxd4 13. Rxd4 Qc5 14. Rd2 Bb7 15. Bg2 b4 16. Nd1 Bc6 17. Ne3 O-O 18. Qd3 Qa5 19. Kb1 Bb5 20. Nc4 Bxc4 21. Qxc4 b3 22. Rd3 Qxa2+ 23. Kc1 Rab8 24. c3 Rfc8 0-1

[Event "45th FIDE Olympiad 2024"]
[Site "Budapest"]
[Date "2024.09.12"]
[Round "2.173"]
[White "Laohawirapap, Prin"]
[Black "Garcia Pantoja, Roberto"]
[Result "1-0"]
[ECO "C06"]
[WhiteElo "2380"]
[BlackElo "2550"]
[Annotator "TA"]
[PlyCount "135"]
[EventDate "2024.09.05"]
[EventType "team-tourn"]
[EventCountry "HUN"]
[SourceTitle "playchess.com"]
[Source "ChessBase"]
[SourceQuality "1"]
[WhiteTeam "Thailand"]
[BlackTeam "Colombia"]
[WhiteTeamCountry "THA"]
[BlackTeamCountry "COL"]
[TimeControl "40/5400+30:1800+30"]

1. e4 e6 2. d4 d5 3. Nd2 Be7 4. Ngf3 Nf6 5. e5 Nfd7 6. Bd3 c5 7. c3 Nc6 8. O-O a5 9. a4 O-O 10. Re1 f6 11. Qc2 {White is slightly better.} f5 12. dxc5 Qc7 13. Nb3 Ndxe5 14. Nxe5 Nxe5 15. h3 Nxd3 16. Qxd3 Bxc5 17. Nxc5 Qxc5 {Black is weak on the dark squares} 18. Bf4 Bd7 19. h4 Rf6 20. h5 Rc8 21. Bg5 Rf7 22. Qg3 Qc4 {[%cal Of5f4] Threatens to win with ...f4!} 23. Bf4 h6 $1 24. Re3 (24. Bxh6 $2 f4 25. Qg6 e5 $19) 24... Kh8 (24... Bxa4 25. Rxe6 Rc6 26. Rae1 (26. Rxh6 Rxh6 27. Bxh6 f4 $11) (26. Re8+ Kh7 $16) 26... Rxe6 27. Rxe6 $16) ({Black should play} 24... Rc6 $17) 25. Ra3 Rcf8 (25... d4 $1 $17 26. Rd3 e5 27. Bxe5 f4) 26. b3 $11 Qc6 27. Ra1 Qb6 28. Ra3 d4 29. cxd4 Qxd4 30. Re1 {Dodges Qd1} Bc6 31. Raa1 Bd5 32. Rac1 Qf6 33. Rc5 Kh7 34. Rec1 Rd7 35. Rc7 Rfd8 36. Rxd7 Rxd7 37. Qe3 Qh4 38. Rc7 Rxc7 39. Bxc7 Qxh5 $17 {[%mdl 4096] Endgame. KQB-KQB} 40. f3 Qe8 (40... Qg5 $17 41. Bf4 Qe7) 41. Bxa5 $15 Qc6 42. Bd2 Qc2 43. Bc3 $1 Qd1+ (43... Qxb3 $2 44. Qe5 $18) (43... Bxb3 $11 {remains equal.} 44. Kh2 f4 (44... Bxa4 $2 45. Qe5 $18)) 44. Kh2 $16 {White threatens Qe5 and mate.} Bxb3 (44... Qxb3 $2 45. Qe5 $18) 45. Bd4 $1 {aiming for Qe5.} Kg6 (45... Bxa4 $2 46. Qe5 $18) 46. Qe5 Kf7 (46... Kh5 $2 47. g4+ (47. Qxg7 Qxd4 48. g4+ fxg4 $18) 47... Kg5 48. Kg3 $18 (48. Qxg7+ Kf4 $11) (48. Qxg7+ Kf4 $11)) 47. Qc7+ (47. Qxg7+ Ke8 48. Qe5 (48. Qxb7 Qxd4 49. Qxb3 Qh4+ 50. Kg1 Qe1+ 51. Kh2 Qh4+ 52. Kg1 Qe1+ 53. Kh2 Qh4+ $11) 48... Qc2) 47... Ke8 48. Qc8+ (48. Qxg7 $6 Qd2 $14) (48. Bxg7 $6 Qd8 49. Qf4 (49. Qxb7 Qh4+ 50. Kg1 Qe1+ 51. Kh2 Qh4+ 52. Kg1 Qe1+ 53. Kh2 Qh4+ $11) 49... Qg5 50. Qb8+ (50. Bxh6 Qxf4+ 51. Bxf4 Bxa4 $15) 50... Qd8 $11) (48. Qxb7 $6 Qxd4 49. Qxb3 Ke7 $11) 48... Ke7 49. Qxb7+ (49. Bxg7 $6 Qd6+ 50. Kh3 Qc6 51. Qf8+ Kd7 $11) 49... Kd6 (49... Ke8 $16) 50. Qb6+ (50. Bc3 $18 {White wants to mate with Bb4+.} Bxa4 51. Bb4+ (51. Bxg7 Kc5 $16) (51. Qxg7 Qd5 $16) 51... Ke5 52. Qc7+ (52. Qxg7+ Kd5 $18) 52... Kf6 53. Bc3+ e5 54. Qxe5+ (54. Bxe5+ Ke6 $18) 54... Kf7 55. Qxg7+ Ke6 56. Qe5+ (56. Qxh6+ Kd5 $16) 56... Kd7 57. Qxf5+ Kc7 58. Be5+ Kb7 59. Qh7+ Qd7 60. Qxh6) 50... Kd7 51. Be5 (51. Bxg7 $6 Qd6+ 52. Qxd6+ Kxd6 $11) ({White should try} 51. Qa7+ $16 Kc6 52. Qb6+ (52. Bxg7 Qd6+ 53. Kh3 Bd5 $16) 52... Kd7 53. Qb5+ (53. Bxg7 Qd6+ 54. Qxd6+ Kxd6 $14) 53... Kd8 54. Qb8+ (54. Bxg7 Qd5 $16) 54... Kd7 55. Qb7+ (55. Bxg7 Qd6+ 56. Qxd6+ Kxd6 $14) 55... Ke8 56. Qxg7 (56. Bxg7 Qd6+ 57. Kh3 Bxa4 $14) (56. Bc5 Qd8 $14)) 51... Ke8 {[#]} (51... Qe1 $1 $14 52. Qd4+ (52. Bxg7 Qh4+ 53. Kg1 Qe1+ 54. Kh2 Qh4+ 55. Kg1 Qe1+ 56. Kh2 $11) 52... Ke8) 52. Bd6 {White is more active.} (52. Bxg7 Qd8 53. Qe3 (53. Qxb3 Qh4+ 54. Kg1 Qe1+ 55. Kh2 Qh4+ 56. Kg1 Qe1+ 57. Kh2 Qh4+ $11) 53... Bxa4) (52. Qb5+ $1 $16 Kf7 53. Qb7+ Ke8 54. Qxg7) 52... Qe1 53. Bg3 $1 {[%mdl 1024] White has compensation.} ({Much worse is} 53. Qxb3 Qh4+ 54. Kg1 Qe1+ 55. Kh2 Qh4+ 56. Kg1 Qe1+ 57. Kh2 $11) 53... Qc3 54. Qb8+ (54. a5 $14 {was preferrable.}) 54... Kf7 $11 55. Be5 Qc4 56. Qb7+ Ke8 {Hoping for ...Qh4+.} 57. Qa8+ (57. Bxg7 Bxa4 58. Qb8+ (58. Bxh6 Qh4+ 59. Kg1 Qe1+ 60. Kh2 Qh4+ 61. Kg1 Qe1+ 62. Kh2 Qh4+ $11) 58... Kd7 $16) 57... Kf7 $132 {[%mdl 2048] Black is not holding back} 58. f4 Bxa4 59. Qb7+ Ke8 60. Qxg7 Kd8 61. Qb7 {Bf6+ would kill now.} Bd7 62. Qb8+ Qc8 $2 {[%mdl 8192] [#] This costs Black the game.} (62... Bc8 $11) 63. Bf6+ $1 {White mates.} Ke8 64. Qd6 Kf7 65. Qe7+ Kg6 66. Qg7+ Kh5 {[#]} 67. g4+ $1 fxg4 68. Qf7# {Weighted Error Value: White=0.15 (very precise) /Black=0.17 (very precise) .  Loses game:     	---       	Black=1      Mistake:       	White=4     	Black=6      Inaccurate:     	White=7     	Black=4      OK:         	White=17    	Black=17     Best:        	White=4     	Black=6      Strong:       	White=4     	Black=1} 1-0

[Event "45th FIDE Olympiad 2024"]
[Site "Budapest"]
[Date "2024.09.12"]
[Round "2.174"]
[White "Cardoso Cardoso, Jose Gabriel"]
[Black "Kulpruethanon, Thanadon"]
[Result "1-0"]
[ECO "B36"]
[WhiteElo "2508"]
[BlackElo "2286"]
[Annotator "TA"]
[PlyCount "87"]
[EventDate "2024.09.05"]
[EventType "team-tourn"]
[EventCountry "HUN"]
[SourceTitle "playchess.com"]
[Source "ChessBase"]
[SourceQuality "1"]
[WhiteTeam "Colombia"]
[BlackTeam "Thailand"]
[WhiteTeamCountry "COL"]
[BlackTeamCountry "THA"]
[TimeControl "40/5400+30:1800+30"]

1. e4 c5 2. Nf3 Nc6 3. d4 cxd4 4. Nxd4 g6 5. c4 Nf6 6. Nc3 d6 7. Be2 Nxd4 8. Qxd4 Bg7 9. O-O O-O 10. Qd3 a6 11. Be3 Bd7 12. Rfd1 b5 13. cxb5 {White is slightly better.} axb5 14. Nxb5 Bxb5 15. Qxb5 Rb8 16. Qc4 Rxb2 17. Bd4 {This pair of bishops is nice.} Rb8 (17... Rb7 $1 $11) 18. a4 {White has more active pieces.} (18. e5 $1 $14 d5 19. Qc3) 18... Qa5 $11 19. e5 Ne4 20. e6 (20. exd6 $11 Nxd6 21. Qa6 Qxa6 22. Bxa6) 20... Rb4 (20... f5 $17 {White must now prevent ...Rb4.} 21. Bxg7 Kxg7) 21. exf7+ Kh8 $1 22. Bxg7+ Kxg7 23. Qc2 Rxf7 24. Bf3 Ng5 25. Bd5 Rf5 26. Qc3+ e5 (26... Re5 $11 {keeps the balance.}) 27. h4 $16 Nf7 (27... Qb6 $142 28. Ra2 (28. hxg5 $2 Qxf2+ 29. Kh1 Rh4+ $19) 28... Rd4) 28. g3 (28. Qe1 $16) 28... Rxf2 $1 $11 29. Rab1 (29. Kxf2 $5 Rf4+ $8 30. gxf4 Qxc3 31. Bxf7 Qc2+ (31... Kxf7 32. fxe5 Qc5+ 33. Kf3 $11) 32. Kg1 $11) 29... Qa7 {( -> ...Re2+)} 30. Qxb4 Rb2+ 31. Kh1 Rxb4 32. Rxb4 Nd8 {Against Rb7+} 33. Bg2 Qc5 34. Rb5 Qa3 35. Kh2 {aiming for Rb8.} Qxa4 36. Rbb1 Ne6 $2 (36... Nf7 $11) 37. Rxd6 $2 (37. Rb7+ $18 Kh6 38. Rf1 (38. Rxd6 Nc5 $11)) 37... Nc5 38. Rd5 Qc2 39. Rb5 Nd3 (39... Ne4 $1 $11 {and Black stays safe.}) 40. Rb7+ $18 Kf6 (40... Kh6 $18 41. Rdd7 Kh5 42. Rxh7+ Kg4) 41. Rd6+ (41. Rxh7 $2 {perishes.} Ne1 42. Rd6+ Kf5 43. Rf7+ Kg4 $19) 41... Kf5 {[#]} 42. Rf7+ $1 (42. Rxh7 $2 {loses.} Ne1 43. Rf7+ Kg4 $19) 42... Kg4 {[#]} 43. Rxd3 Qxd3 (43... g5 44. Rg7) 44. Bh3+ {Weighted Error Value: White=0.21 (precise) /Black=0.58.  Loses game:     	---       	Black=2      Missed win:     	White=1     	---        Mistake:       	White=3     	Black=5      Inaccurate:     	White=3     	Black=1      OK:         	White=14    	Black=12     Best:        	White=5     	Black=3      Strong:       	---       	Black=2} 1-0

[Event "45th FIDE Olympiad 2024"]
[Site "Budapest"]
[Date "2024.09.12"]
[Round "2.175"]
[White "Bodemar, Jonathan"]
[Black "Avila Pavas, Santiago"]
[Result "0-1"]
[ECO "B56"]
[WhiteElo "2195"]
[BlackElo "2485"]
[Annotator "TA"]
[PlyCount "100"]
[EventDate "2024.09.05"]
[EventType "team-tourn"]
[EventCountry "HUN"]
[SourceTitle "playchess.com"]
[Source "ChessBase"]
[SourceQuality "1"]
[WhiteTeam "Thailand"]
[BlackTeam "Colombia"]
[WhiteTeamCountry "THA"]
[BlackTeamCountry "COL"]
[TimeControl "40/5400+30:1800+30"]

1. e4 c5 2. Nf3 d6 3. d4 cxd4 4. Nxd4 Nf6 5. Nc3 Nc6 6. f3 e5 7. Nb3 Be7 8. Be3 Be6 9. Qd2 d5 10. exd5 Nxd5 11. Nxd5 {The position is equal.} Qxd5 12. Qxd5 Bxd5 13. O-O-O O-O-O 14. Bb5 Kb8 (14... Kc7 {seems wilder.} 15. a3 f5 16. Rhe1 b6) 15. c4 Be6 16. Bxc6 (16. Rxd8+ {simplifies} Rxd8 17. Bxc6 bxc6 18. Nd2) 16... bxc6 17. Na5 Kc7 18. a3 {Prevents Bb4} (18. Bxa7 $2 Ra8 19. Be3 Rxa5 $19) 18... c5 19. Kc2 Bf5+ (19... Rhe8 $5) 20. Kc3 Rd4 {[%cal Oh8d8] Threatens to win with ...Rhd8!} 21. b4 Rb8 22. b5 {[#]} ({White should try} 22. bxc5 $11 Rxd1 23. Rxd1) 22... Bd7 23. Bxd4 cxd4+ 24. Kb2 (24. Kd3 $16) 24... a6 $1 $15 25. a4 Bb4 $1 26. Nb3 axb5 27. cxb5 Ra8 28. Rc1+ Kb6 29. Rc4 Rxa4 {Hoping for ...Ba3+.} 30. Nc5 $1 Bc3+ {A strong pair of Bishops.} ({Don't play} 30... Bxc5 $6 31. Rxa4 Kxb5 32. Ra8 $16) 31. Kb3 Rxc4 (31... Bxb5 $2 {is the wrong capture.} 32. Nxa4+ Ka6 33. Nxc3 Bxc4+ 34. Kxc4 $18) 32. Kxc4 Bxb5+ $11 {[%mdl 4096] Endgame. KRN-KB} 33. Kd5 Bb4 34. Ne4 f6 (34... d3 $11 {remains equal.}) 35. Rb1 $16 Ka5 36. Nd6 ({White should play} 36. f4 $1 $14) 36... Bxd6 37. Kxd6 $11 {Kc5 is the strong threat. KR-KB} Be2 $1 {And now ...d3 would win.} 38. Kd5 $2 (38. Kc5 $11 Ka4 39. Re1) 38... d3 $19 39. Rb2 Ka4 40. Ke4 Ka3 41. Rd2 Kb3 42. g3 Kc3 43. Ke3 {[#]} f5 $1 {[%cal Of5f4] ( -> ...f4+!)} 44. Ra2 {[#]} f4+ $1 45. gxf4 (45. Kf2 Bd1) 45... exf4+ 46. Kf2 {[#]} Bd1 $1 {Black mates.} 47. Ra7 d2 48. Rc7+ Kb2 49. Rb7+ Bb3 50. Ke2 d1=Q+ {Weighted Error Value: White=0.84/Black=0.09 (flawless) .  Loses game:     	White=1     	---        Mistake:       	White=3     	Black=2      Inaccurate:     	---       	Black=2      OK:         	White=10    	Black=10     Best:        	White=3     	Black=3      Strong:       	White=1     	Black=3} 0-1

[Event "45th FIDE Olympiad 2024"]
[Site "Budapest"]
[Date "2024.09.12"]
[Round "2.176"]
[White "Valderrama Quiceno, Esteban Alb"]
[Black "Arunnuntapanich, Tinnakrit"]
[Result "1-0"]
[ECO "B37"]
[WhiteElo "2418"]
[BlackElo "2064"]
[Annotator "TA"]
[PlyCount "81"]
[EventDate "2024.09.05"]
[EventType "team-tourn"]
[EventCountry "HUN"]
[SourceTitle "playchess.com"]
[Source "ChessBase"]
[SourceQuality "1"]
[WhiteTeam "Colombia"]
[BlackTeam "Thailand"]
[WhiteTeamCountry "COL"]
[BlackTeamCountry "THA"]
[TimeControl "40/5400+30:1800+30"]

1. c4 Nf6 2. Nc3 c5 3. Nf3 Nc6 4. d4 cxd4 5. Nxd4 g6 6. Nc2 Bg7 7. e4 d6 8. Be2 b6 9. O-O O-O 10. Be3 Bb7 11. Qd2 Rc8 12. f3 Qc7 {White is slightly better.} 13. Rac1 Qb8 14. Rfd1 Rfd8 15. Bg5 Re8 16. Nd5 Nd7 17. b4 Bf8 18. Nce3 {White is much more active.} h6 19. Bh4 g5 $2 (19... h5 $16) 20. Bg3 (20. Bxg5 $18 {and White stays clearly on top.} hxg5 21. Nf5) 20... e6 {[#] Against Nf5} 21. Nc3 Nde5 (21... Nxb4 22. Nb5 (22. Bxd6 Bxd6 23. Qxd6 Qxd6 $11) 22... Nc6 23. Bxd6 (23. Nxd6 Nde5 $18) 23... Bxd6 24. Nxd6) 22. a3 Red8 23. f4 (23. h4 {looks sharper.} d5 24. exd5 Nxf3+ 25. Bxf3 Qxg3 26. Ne4) 23... gxf4 24. Bxf4 {Ng4 is the strong threat.} a6 $2 (24... Bg7 $16) 25. Ng4 $18 Nxg4 26. Bxg4 Kh7 27. Qf2 (27. Nd5 Bg7 28. Rf1 (28. Nxb6 Bd4+ 29. Be3 Bxe3+ 30. Qxe3 Rc7 $18) 28... Rc7 29. Nxc7 (29. Nxb6 Ne5 $14) 29... Qxc7 $18) 27... Bg7 28. Bh5 $2 (28. Qxb6 Ne5 29. Bxe5 Bxe5 $11) (28. Bxh6 $18 {[%cal Oc3d5] Threatens to win with Nd5!} Ne5 29. Bxg7 Kxg7 30. Rf1) 28... Rd7 $2 (28... Qc7 $16) 29. Na4 (29. Qxb6 Nd4 $11 (29... Ne5 30. Bxe5 Bxe5 31. Be2 $17)) 29... Rf8 30. Nxb6 {White is clearly winning.} Rdd8 31. c5 e5 32. Be3 Nd4 33. Bxd4 ({And not} 33. Bxf7 Bxe4 34. Qa2 dxc5 $14) 33... exd4 34. c6 {[%cal Oc6c7] [#] Hoping for c7!} (34. Bxf7 Bxe4 35. Re1 d5 36. Nxd5 Bxd5 37. Qc2+ Kh8 38. Bxd5 Rxd5 $19) 34... Ba8 {Black is weak on the light squares} 35. Nd7 Rxd7 36. Qf5+ Kh8 37. cxd7 Bb7 {Wards off Rc8} 38. Bg4 Qd8 39. Rc8 Qe7 40. Rxf8+ Bxf8 41. Rf1 {Weighted Error Value: White=0.28 (precise) /Black=0.60.  Loses game:     	---       	Black=3      Missed win:     	White=1     	---        Mistake:       	White=1     	---        Inaccurate:     	White=1     	Black=3      OK:         	White=9     	Black=7      Best:        	White=2     	---} 1-0

[Event "45th FIDE Olympiad 2024"]
[Site "Budapest"]
[Date "2024.09.12"]
[Round "2.181"]
[White "Pereira, Sergio"]
[Black "Delgado Rosas, Alex Antonio"]
[Result "0-1"]
[ECO "B48"]
[WhiteElo "1988"]
[BlackElo "2157"]
[Annotator "ChessBase"]
[PlyCount "108"]
[EventDate "2024.09.05"]
[EventType "team-tourn"]
[EventCountry "HUN"]
[SourceTitle "playchess.com"]
[Source "ChessBase"]
[SourceQuality "1"]
[WhiteTeam "Sao Tome and Principe"]
[BlackTeam "Panama"]
[WhiteTeamCountry "SAO"]
[BlackTeamCountry "PAN"]
[TimeControl "40/5400+30:1800+30"]

1. e4 c5 2. Nc3 e6 3. Nge2 Nc6 4. d4 cxd4 5. Nxd4 Nf6 6. a3 Qc7 7. Be2 a6 8. Be3 Be7 9. O-O O-O 10. f4 d6 11. Kh1 Bd7 12. Nb3 Rac8 13. a4 Nb4 14. Nd4 d5 15. e5 Ne4 16. Nxe4 dxe4 17. c3 Nd5 18. Qd2 Bc5 19. Bg1 g5 20. Be3 Kh8 21. a5 Be8 22. Bg4 Rg8 23. h3 Rd8 24. Rae1 Bf8 25. f5 Qxe5 26. Nc6 Nxe3 27. Nxe5 Rxd2 28. Rxe3 exf5 29. Nc4 Bc5 30. Nxd2 Bxe3 31. Nc4 Bf4 32. Bxf5 Bb5 33. b3 Bxc4 34. bxc4 Re8 35. Re1 e3 36. Re2 h5 37. Kg1 Re5 38. Bc8 h4 39. Bxb7 Rxa5 40. g4 hxg3 41. Kg2 Kg7 42. Kf3 Ra1 43. h4 a5 44. hxg5 Rf1+ 45. Kg2 Rf2+ 46. Rxf2 gxf2 47. c5 a4 48. Bd5 Bxg5 49. Bc4 a3 50. c6 Bd8 51. Ba2 f5 52. c4 f4 53. c5 f3+ 54. Kf1 Bh4 0-1